Map: Acropolis LE

Players

Mez

  • Race: Terran Terran
  • League: Master
  • Spawn Location: 11:00

sail - Winner!

  • Race: Protoss Protoss
  • League: Master
  • Spawn Location: 5:00

VOD

Have the link to the VOD?

Description

Time

  • Played on: Aug. 22, 2019, 8:16 a.m.
  • Length: 27:26
Show
View Real Time Build Order
Export as new Build Order

Mez Terran 

Build Orders: Reaper Expand 

Get SALT Encoding   

  12  0:00  SCV  
  13  0:12  SCV  
  14  0:17  Supply Depot  
  14  0:24  SCV  
  15  0:38  SCV  
  15  0:39  Barracks  
  16  0:45  Refinery  
  16  0:50  SCV  
  17  1:02  SCV  
  18  1:15  SCV  
  19  1:27  Orbital Command  
  19  1:38  Command Center  
  19  1:40  Reaper  
  20  1:47  Bunker  
  20  1:54  SCV  
  21  2:04  Supply Depot  
  21  2:12  Marine, SCV  
  23  2:25  SCV  
  24  2:31  Barracks Reactor  
  24  2:37  Command Center  
  24  2:43  Factory  
  24  2:45  SCV  
  24  3:00  SCV  
  25  3:10  Orbital Command  
  25  3:11  Marine x2  
  26  3:16  SCV  
  26  3:17  Refinery  
  26  3:27  Widow Mine  
  26  3:28  SCV  
  26  3:29  Starport  
  29  3:35  SCV  
  29  3:40  SCV  
  31  3:43  Marine x2  
  31  3:47  SCV  
  34  3:52  SCV  
  34  3:53  Factory Tech Lab  
  34  3:55  Refinery  
  35  3:59  SCV  
  35  4:00  Orbital Command  
  36  4:04  Marine x2  
  36  4:05  SCV  
  36  4:07  Starport Tech Lab  
  39  4:11  SCV  
  39  4:15  Siege Tank  
  39  4:17  SCV  
  44  4:24  SCV  
  45  4:27  Marine x2  
  45  4:29  SCV x2  
  49  4:34  Raven  
  49  4:36  Barracks, SCV  
  52  4:43  Barracks  
  53  4:45  SCV x2  
  53  4:48  Refinery  
  54  4:54  Siege Tank  
  54  4:55  SCV  
  54  4:57  SCV  
  59  5:04  Engineering Bay  
  59  5:06  Engineering Bay  
  59  5:07  Marine x2  
  61  5:14  Orbital Command  
  61  5:26  Starport Reactor  
  61  5:32  Terran Infantry Weapons Level 1  
  61  5:33  Terran Infantry Armor Level 1  
  61  5:34  Stimpack  
  61  5:35  Factory Reactor  
  61  5:39  Supply Depot x2  
  61  5:40  Supply Depot  
  61  5:43  Marine x2  
  61  5:44  SCV x3  
  70  5:50  Marauder x2  
  70  5:54  Combat Shield  
  70  5:56  SCV x3  
  73  6:00  Barracks  
  73  6:02  Barracks  
  73  6:08  SCV x2  
  73  6:09  Supply Depot  
  73  6:10  SCV  
  73  6:11  Supply Depot  
  76  6:13  Medivac  
  76  6:15  Medivac  
  80  6:20  Marauder  
  80  6:22  Marauder  
  80  6:24  SCV x2  
  86  6:37  Widow Mine x2  
  86  6:38  Marine x2  
  92  6:40  SCV  
  92  6:41  Marauder, SCV x2  
  92  6:44  Refinery  
  92  6:45  Supply Depot  
  97  6:49  Supply Depot  
  97  6:51  Barracks Tech Lab, Barracks Reactor  
  97  6:55  Armory  
  97  6:56  Medivac  
  97  6:58  Medivac  
  103  7:01  Marauder  
  103  7:09  Marauder, Marine x2  
  103  7:10  SCV x2  
  103  7:13  SCV  
  103  7:15  Refinery  
  110  7:18  Supply Depot  
  113  7:22  SCV  
  113  7:23  Marauder  
  113  7:25  Widow Mine x2  
  113  7:26  Medivac  
  119  7:33  Supply Depot  
  119  7:35  Marauder x2, Marine x2  
  119  7:36  Medivac  
  127  7:39  Concussive Shells  
  126  7:48  Widow Mine x2  
  130  7:57  SCV x2  
  132  7:59  Marauder x2  
  132  8:00  Supply Depot  
  132  8:02  Supply Depot  
  136  8:12  Marine x2  
  138  8:13  Marauder, Marine x2  
  138  8:15  Ghost Academy  
  138  8:19  Medivac x2  
  146  8:20  Marauder  
  146  8:22  Starport  
  148  8:38  Marauder x2, Marine x4  
  156  8:43  Supply Depot x2  
  156  8:49  Terran Infantry Armor Level 2, Terran Infantry Weapons Level 2  
  156  8:50  Supply Depot  
  156  8:51  Terran Ship Weapons Level 1  
  162  8:57  Ghost  
  162  8:58  Ghost x2  
  162  9:00  Marine x3  
  162  9:01  Marine  
  166  9:09  SCV x3  
  169  9:11  Supply Depot  
  169  9:18  Marine  
  169  9:21  Medivac x2, SCV  
  166  9:33  Ghost x2  
  166  9:34  Ghost  
  166  9:35  Marine x3  
  165  9:58  Viking x2  
  165  9:59  Viking x2  
  173  10:04  Barracks x2  
  173  10:07  Barracks  
  173  10:28  Viking  
  173  10:30  Marauder, Marine x3  
  173  10:31  Marauder x2  
  173  10:35  Command Center  
  184  10:36  Command Center  
  184  10:40  Marine  
  185  10:48  Marine x2  
  187  10:52  Marauder x2  
  187  10:55  Marauder  
  187  10:56  Barracks Tech Lab x2  
  193  10:58  Barracks Tech Lab  
  186  11:13  Marauder  
  147  11:26  Marauder x4, Viking, Marine x3  
  147  11:27  Viking x3  
  149  11:36  Ghost x2  
  149  11:37  Marine  
  152  11:44  Marine x2  
  152  11:46  Ghost  
  152  11:47  Ghost  
  154  11:51  Orbital Command  
  158  11:56  Viking  
  158  11:58  Refinery  
  158  12:00  Viking x3  
  166  12:05  Refinery  
  166  12:08  Ghost x2  
  166  12:10  Marauder  
  166  12:14  Planetary Fortress  
  172  12:25  SCV x4  
  172  12:26  Viking  
  178  12:33  Viking x3  
  182  12:45  Sensor Tower  
  154  12:52  Marine  
  154  12:53  Marauder  
  154  12:55  Marauder x4, Marine x3  
  154  12:56  Marauder  
  134  13:08  Viking x2  
  134  13:10  Marine  
  129  13:13  Marine x3  
  129  13:14  Marauder  
  129  13:16  Marauder, Marine  
  129  13:17  Marauder  
  139  13:21  Sensor Tower  
  139  13:28  Marauder x2  
  139  13:33  Command Center  
  143  13:34  Marauder  
  143  13:39  Ghost x3  
  143  13:40  Marine  
  143  13:41  Marine x3  
  155  13:51  Starport  
  155  13:56  Terran Infantry Weapons Level 3  
  155  13:58  Liberator x2  
  155  13:59  Liberator  
  155  14:00  Liberator  
  155  14:02  Terran Infantry Armor Level 3  
  155  14:03  Terran Ship Weapons Level 2  
  155  14:14  Marine x4  
  171  14:31  Starport Tech Lab  
  171  14:34  Fusion Core  
  171  14:45  Marauder x3  
  177  14:46  Marauder  
  177  14:47  Ghost x2, Marine  
  177  14:48  Marine x2  
  186  14:55  Supply Depot  
  186  15:05  Marine x2  
  186  15:06  Marauder  
  155  15:32  Marauder x5, Marine x5  
  120  15:50  Marine x4  
  120  15:51  Marauder  
  120  15:53  Marauder x2, Ghost x2, Marine  
  135  15:57  Advanced Ballistics  
  135  15:59  Liberator x5  
  135  16:00  Planetary Fortress  
  135  16:10  Widow Mine  
  137  16:17  Ghost x4, Missile Turret  
  137  16:18  Missile Turret, Marine x4  
  164  16:22  Missile Turret, Marine  
  165  16:31  Widow Mine  
  167  16:34  Refinery  
  167  16:37  Refinery  
  167  16:44  Liberator x4  
  167  16:49  Command Center, Missile Turret  
  167  16:51  Missile Turret  
  167  16:55  Marauder x2  
  167  16:56  Marauder x3, Marine x3  
  192  17:15  Liberator  
  189  18:06  Sensor Tower  
  163  18:24  Marauder x4, SCV  
  163  18:25  SCV x4  
  163  18:26  Planetary Fortress  
  167  18:43  Liberator  
  154  18:57  Marauder x3, Marine x6  
  154  18:58  Marauder  
  169  19:12  Enhanced Shockwaves  
  169  19:15  Terran Ship Weapons Level 3, Marine  
  170  19:19  Refinery  
  170  19:24  Command Center  
  170  19:31  Missile Turret  
  170  19:32  Command Center  
  170  19:39  Sensor Tower  
  152  19:55  Liberator x4  
  152  19:56  Liberator  
  152  19:58  Marauder  
  152  19:59  Marauder, Marine x8  
  117  20:17  Marine x2  
  117  20:18  Marauder x3  
  120  20:26  Marauder x3, Marine x2  
  128  20:34  Marine  
  128  20:35  Marine  
  130  20:37  Sensor Tower  
  130  20:38  Liberator x3, Marine  
  131  20:48  Refinery  
  131  20:55  Viking  
  139  21:06  Viking  
  139  21:07  Marine  
  139  21:08  Marine x9  
  151  21:12  Orbital Command  
  151  21:14  Refinery  
  151  21:19  Missile Turret  
  151  21:25  Viking, Marine  
  151  21:31  Ghost x2  
  151  21:32  Marine x4  
  162  21:36  Viking  
  131  22:07  Marauder x5, Marine x5  
  131  22:08  Viking x2  
  129  22:21  Viking  
  129  22:22  Viking  
  132  22:34  Marine x8  
  132  22:35  Marine  
  117  22:55  Marine  
  117  22:56  Marauder x2  
  111  22:58  Marauder  
  111  22:59  Marauder  
  113  23:13  Marine x5  
  118  23:23  Orbital Command  
  110  23:31  Marine  
  110  23:32  Marine x6  
  99  23:47  Marauder x2  
  85  24:07  Marine x3  
  85  24:08  Medivac  
  85  24:09  Medivac x3  
  96  24:30  Ghost x2  
  96  24:31  Marine x6  
  101  24:41  Marine x2  
  103  24:48  Marine  
  103  24:49  Marine x5  
  109  24:58  Ghost x3  
  109  24:59  Marine  
  116  25:04  Medivac  
  116  25:06  Marine  
  92  25:40  Marauder x5, Marine x3  
  92  25:42  Viking x2  
  106  26:00  Orbital Command  
  105  26:09  Marauder x5, Marine x3  
  116  26:45  Marauder x4, Marine x2  
  116  26:46  Marauder  
  96  26:58  Marauder, Marine x2  
  83  27:03  Marine  
Show
View Real Time Build Order
Export as new Build Order

sail Protoss - Winner!

Build Orders: 1 Gate Expand, Double Forge, Blink Stalkers 

Get SALT Encoding   

  12  0:00  Probe  
  13  0:13  Pylon  
  13  0:18  Probe  
  14  0:31  Gateway  
  14  0:33  Probe  
  15  0:41  Probe, Assimilator  
  15  0:49  Probe  
  17  1:01  Probe  
  18  1:13  Probe  
  18  1:18  Cybernetics Core  
  19  1:33  Nexus  
  19  1:41  Pylon  
  19  1:44  Probe  
  19  1:46  Adept  
  20  1:51  Assimilator  
  22  2:05  Warp Gate  
  22  2:07  Stalker  
  22  2:09  Probe  
  23  2:22  Probe  
  25  2:34  Probe  
  26  2:43  Twilight Council  
  26  2:46  Probe  
  27  2:55  Blink  
  27  2:58  Probe x2  
  29  3:13  Probe x2  
  31  3:25  Probe x2  
  33  3:30  Gateway  
  33  3:32  Gateway  
  33  3:33  Pylon  
  33  3:35  Probe  
  33  3:37  Probe  
  35  3:42  Robotics Facility  
  35  3:43  Probe  
  36  3:49  Probe  
  36  3:51  Probe  
  36  3:53  Sentry  
  40  4:00  Assimilator  
  40  4:01  Probe  
  41  4:03  Probe  
  42  4:13  Probe  
  43  4:19  Nexus  
  43  4:21  Probe  
  43  4:22  Pylon  
  44  4:25  Probe  
  44  4:28  Stalker  
  44  4:29  Observer  
  48  4:34  Stalker  
  48  4:35  Probe  
  51  4:42  Stalker  
  51  4:44  Probe  
  54  4:52  Forge  
  54  4:53  Forge  
  54  4:55  Observer  
  54  4:57  Charge  
  54  4:58  Protoss Ground Weapons Level 1  
  55  5:00  Protoss Ground Armor Level 1, Pylon  
  55  5:02  Probe  
  55  5:04  Probe  
  57  5:14  Probe  
  57  5:16  Gateway  
  57  5:18  Gateway  
  58  5:21  Gateway  
  58  5:23  Probe  
  59  5:33  Probe  
  59  5:34  Probe  
  60  5:39  Gateway  
  60  5:42  Gateway  
  60  5:47  Probe x2  
  62  5:50  Probe  
  63  5:58  Stalker x2  
  63  5:59  Probe x2  
  63  6:02  Observer, Probe  
  72  6:11  Probe x2  
  72  6:14  Probe  
  72  6:18  Zealot x4  
  82  6:25  Pylon  
  82  6:26  Pylon  
  82  6:27  Pylon  
  82  6:28  Probe  
  82  6:29  Probe  
  82  6:30  Assimilator  
  82  6:32  Assimilator  
  84  6:36  Templar Archives  
  84  6:38  Probe, Assimilator  
  85  6:45  Zealot x4  
  85  6:46  Warp Prism  
  93  6:47  Sentry, Protoss Ground Weapons Level 2  
  93  6:48  Probe  
  98  6:55  Probe  
  98  6:57  Probe  
  100  7:02  Probe  
  101  7:13  Protoss Ground Armor Level 2, High Templar  
  101  7:14  High Templar  
  101  7:15  Zealot x2  
  109  7:21  Pylon  
  109  7:23  Pylon  
  109  7:39  Observer  
  109  7:41  Psionic Storm  
  111  7:44  Probe  
  111  7:45  Probe  
  111  7:50  Zealot x4  
  120  7:53  Probe  
  120  7:55  Nexus  
  120  7:57  Pylon  
  121  8:00  High Templar x2  
  125  8:08  Pylon  
  125  8:11  Pylon  
  123  8:23  Probe  
  120  8:30  Robotics Bay  
  118  8:34  Zealot x3  
  118  8:35  Zealot x5, Robotics Facility  
  118  8:36  Observer  
  118  8:41  Probe x2  
  135  8:42  Probe  
  135  8:44  Pylon x2  
  135  8:46  Pylon  
  135  8:47  Pylon  
  137  8:50  Pylon  
  137  8:51  Pylon  
  137  8:58  Probe  
  137  8:59  Pylon  
  138  9:06  Pylon  
  138  9:10  Zealot x2  
  138  9:15  Protoss Ground Weapons Level 3  
  142  9:22  Colossus x2  
  138  9:32  Protoss Ground Armor Level 3  
  138  9:34  Extended Thermal Lance  
  138  9:37  Stalker x2  
  138  9:38  Stalker x3  
  153  9:51  Probe  
  154  10:02  Colossus  
  154  10:08  Zealot x4  
  160  10:15  Colossus  
  160  10:19  Stalker x4  
  171  10:36  Stalker x4  
  179  10:43  Probe x2  
  179  10:44  Probe  
  179  10:45  Gateway  
  179  10:47  Gateway  
  182  11:03  Stalker x3  
  160  11:21  Zealot  
  160  11:22  Zealot x3  
  160  11:24  Colossus x2  
  142  11:29  Archon  
  150  11:46  Probe x3  
  151  11:48  Probe  
  151  11:53  Assimilator  
  152  11:55  Assimilator  
  152  11:58  Probe  
  153  12:02  High Templar x3  
  153  12:04  High Templar x2  
  153  12:05  Protoss Shields Level 1, Zealot x3  
  153  12:08  Warp Prism, Archon, Nexus  
  169  12:09  Pylon  
  169  12:16  Nexus  
  169  12:18  Immortal, Pylon  
  175  12:29  Stalker x5  
  160  12:52  Archon  
  120  13:04  Zealot x3  
  120  13:05  Colossus x2  
  100  13:09  Zealot  
  100  13:10  Zealot x6  
  120  13:21  Observer  
  120  13:25  High Templar  
  116  13:28  High Templar  
  116  13:32  Probe  
  116  13:33  High Templar x2  
  123  13:34  Zealot x3  
  123  13:35  Zealot x2  
  123  13:37  Archon x2  
  133  13:43  Probe x2  
  133  13:46  Colossus  
  133  13:47  Colossus  
  135  13:48  Assimilator  
  135  13:52  Assimilator  
  135  13:58  Gateway  
  135  14:00  Protoss Shields Level 2  
  135  14:02  Gateway  
  147  14:05  Gateway  
  147  14:08  High Templar x3  
  147  14:09  High Templar  
  155  14:11  Gateway  
  155  14:18  Probe  
  155  14:21  Probe, Assimilator  
  157  14:25  Assimilator  
  157  14:34  Sentry  
  157  14:35  Stalker  
  157  14:36  Stalker  
  163  14:38  Zealot x2  
  163  14:42  Probe  
  168  14:47  Probe  
  169  14:59  Stalker x2  
  172  15:00  Stalker x4  
  172  15:01  Zealot x2  
  172  15:02  Zealot x2  
  172  15:05  Observer  
  189  15:13  Stalker x4  
  185  15:23  Archon x2  
  149  15:28  Immortal  
  149  15:29  Zealot x5  
  149  15:30  Zealot x6  
  149  15:32  Colossus  
  117  15:43  Stalker x2  
  127  15:53  Colossus  
  123  16:01  High Templar x5  
  123  16:02  High Templar  
  135  16:06  Archon  
  135  16:10  High Templar x2  
  135  16:11  Stalker x2  
  147  16:14  Archon  
  147  16:17  Colossus  
  155  16:39  Warp Prism  
  155  16:40  Stalker x3  
  155  16:41  Sentry  
  155  16:45  Protoss Shields Level 3  
  163  16:48  Zealot x3  
  163  16:49  Zealot x2  
  175  17:05  Stalker x6  
  181  17:40  Stalker x3  
  181  17:41  Stalker x6  
  198  17:46  Stalker x2  
  187  18:20  Stalker x3  
  190  18:33  Nexus  
  190  18:34  Nexus  
  190  18:36  Colossus  
  170  18:46  Colossus  
  156  18:49  Stalker x2  
  156  18:51  Stalker  
  156  18:52  Stalker x7  
  156  18:53  Stalker  
  176  18:56  Archon  
  176  19:03  High Templar x3  
  180  19:12  Zealot  
  180  19:13  Zealot  
  184  19:17  Zealot x2  
  188  19:26  Zealot x2  
  136  20:03  Zealot x11  
  118  20:15  Zealot x3  
  118  20:19  Probe x3  
  127  20:35  High Templar x10  
  147  20:39  Archon x4  
  147  20:40  Archon  
  147  20:42  High Templar x3  
  151  20:43  High Templar  
  150  20:59  Probe x3  
  150  21:00  Probe x2  
  150  21:01  Probe x2  
  157  21:07  Observer  
  157  21:11  Probe  
  158  21:14  Probe  
  158  21:18  Zealot x8  
  169  21:23  Stalker  
  169  21:24  Stalker  
  179  21:34  Probe  
  179  21:35  Probe x4  
  179  21:36  Probe x3  
  187  21:47  Stalker x5  
  165  21:52  Stalker x2  
  165  22:03  Colossus x2  
  157  22:18  Stalker  
  157  22:19  Zealot x4  
  157  22:20  Zealot x4  
  172  22:43  Assimilator  
  172  22:47  Assimilator  
  138  22:55  Zealot x14  
  138  22:56  Warp Prism  
  136  23:09  Colossus  
  142  23:19  Forge  
  142  23:20  Dark Shrine  
  142  23:22  Stalker x4  
  142  23:26  Zealot x3, Stalker  
  146  23:33  Zealot x5  
  146  23:34  Zealot  
  124  23:46  Colossus  
  124  23:48  Zealot x5  
  110  23:50  Zealot x3  
  130  24:10  Assimilator  
  130  24:15  High Templar x2, Assimilator  
  134  24:19  High Templar  
  134  24:21  Colossus  
  132  24:38  Probe  
  132  24:40  Probe x5  
  132  24:43  High Templar  
  132  24:45  Colossus  
  140  24:46  Stalker  
  140  24:47  Stalker  
  140  24:49  Zealot x9  
  140  24:50  Zealot  
  170  25:01  Zealot  
  161  25:21  Zealot  
  161  25:22  Zealot x13  
  174  25:29  Observer  
  150  25:46  Stalker x5  
  150  25:47  Stalker x3  
  150  25:48  Warp Prism  
  150  25:49  Assimilator  
  166  25:57  Nexus  
  158  26:12  Probe  
  158  26:15  Zealot x7  
  147  26:48  Stalker  
  147  26:49  Stalker x4  
  138  27:07  Zealot x5  
  138  27:08  Zealot  
Tags
 
Add a new tag
Caveats
  • Supply blocks, unpowered buildings, or Contaminate may cause inaccurate times.
  • Supply counts are checked every 10 seconds.